 Dungeon Crawl Stone Soup version 0.28.0-43-g3370ac3207 (webtiles) character file.

Game seed: 16852624827711380620

184 RascalDebosk the Stinger (level 5, -3/28 HPs)
             Began as a Tengu Venom Mage on Mar 19, 2022.
             Killed by divine providence
             ... invoked by an orc priest
              (15 damage)
             ... on level 3 of the Dungeon.
             The game lasted 00:34:51 (2774 turns).

RascalDebosk the Stinger (Tengu Venom Mage)         Turns: 2774, Time: 00:34:54

Health: -3/28      AC:  4    Str:  9    XL:     5   Next: 63%
Magic:  10/10      EV: 15    Int: 17    God:
Gold:   112        SH:  0    Dex: 14    Spells: 3/9 levels left

rFire   . . .      SeeInvis .   g - +0 dagger
rCold   . . .      Faith    .   (no shield)
rNeg    . . .      Spirit   .   a - +0 robe
rPois   .          Reflect  .   e - +2 hat
rElec   .          Harm     .   (no cloak)
rCorr   .          Rampage  .   (no gloves)
Will    .....                   (boots unavailable)
Stlth   ++........              (no amulet)
HPRegen 0.09/turn               (no ring)
MPRegen 0.12/turn               (no ring)

@: flying quickly and evasively, quick
A: beak, talons 3, nimble flight
a: no special abilities


You were on level 3 of the Dungeon.
You visited 1 branch of the dungeon, and saw 3 of its levels.

You collected 112 gold pieces.

Inventory:

Hand Weapons
 g - a +0 dagger (weapon)
Armour
 a - a +0 robe (worn)
 e - a +2 hat (worn)
 f - a +0 leather armour
Wands
 i - a wand of iceblast (3)
Scrolls
 c - a scroll of fog {unknown}
 d - 2 scrolls of amnesia {unknown}
 h - 3 scrolls of identify {unknown}
 k - a scroll of teleportation {unknown}
 m - a scroll of magic mapping {unknown}
 o - a scroll of immolation {unknown}
Potions
 b - a potion of brilliance {unknown}
 j - a potion of haste {unknown}
 l - a potion of magic {unknown}
 n - a potion of degeneration {unknown}


   Skills:
 + Level 3.3 Dodging
 + Level 3.0 Stealth
 + Level 2.8 Spellcasting
 + Level 1.7 Conjurations
 + Level 1.9 Transmutations
 + Level 3.7 Poison Magic


You had 3 spell levels left.
You knew the following spells:

 Your Spells              Type           Power      Damage    Failure   Level
a - Sting                 Tmut/Pois      48%        1d5       5%          1
b - Poisonous Vapours     Pois/Air       16%        N/A       13%         2
c - Mephitic Cloud        Conj/Pois/Air  8%         N/A       26%         3

Your spell library contained the following spells:

 Spells                   Type           Power      Damage    Failure   Level
 Static Discharge         Conj/Air       5%         N/A       19%         2
 Corpse Rot               Necr/Air       4%         N/A       26%         2
 Olgreb's Toxic Radiance  Pois           15%        N/A       36%         4
 Sticky Flame             Conj/Fire      5%         2d3       77%         4
 Dispel Undead            Necr           2%         3d7       87%         4


Dungeon Overview and Level Annotations

Branches:
Dungeon (3/15)

Altars:


Innate Abilities, Weirdness & Mutations

You have a beak for a mouth.
You have claws for feet.
Your magical nature lets you fly swiftly and evasively.


Message History

You kill the orc!
The orc barely misses you.
You hit the orc.
The orc is moderately wounded.
The orc hits you but does no damage.
You hit the orc. Your kick misses the orc. Your peck misses the orc.
The orc is severely wounded.
The orc hits you but does no damage.
You hit the orc but do no damage. Your kick misses the orc.
The orc is severely wounded.
The orc hits you with a +0 dagger.
You hit the orc.
You kill the orc!
You hit the orc but do no damage. The orc completely misses you.
You hit the orc.
The orc is lightly wounded.
The orc closely misses you.
You barely miss the orc. You peck the orc.
The orc is almost dead.
The orc priest invokes the aid of Beogh against you.
Beogh smites you! The orc barely misses you.
You hear a shout!
You hit the orc.
You kill the orc!
You hear a shout!
You hit the orc priest. Your kick misses the orc priest.
You peck the orc priest.
The orc priest is heavily wounded.
The orc priest hits you but does no damage.
You hit the orc priest but do no damage.
You claw the orc priest.
The orc priest is severely wounded.
The orc priest hits you but does no damage.
You hit the orc priest but do no damage.
You peck the orc priest.
The orc priest is severely wounded.
The orc priest invokes the aid of Beogh against you.
Beogh smites you!
Ouch! That really hurt!
You die...

## .# .# o.o...#.# .# .#
.o.#.#.# #.# ##.####S. .
o...#.##..####.......# ..
.o.#....##..!..# ...
..#......b##.##
#...#.#..### #@#
......#...######o#
......o...o...##.###
....##.#...#.......# .#
#.##....###...#
###..#.....##.<.####
............##.......
........##>......### ###.
......####........##.>##.##


You could see an orc priest.

Vanquished Creatures
  A black bear (D:2)
  Ijyb (D:3)
  2 adders (D:2)
  A worm (D:2)
  A dart slug (D:1)
  3 orcs (D:3)
  3 bats
  6 endoplasms
  A giant cockroach (D:2)
  4 goblins
  6 hobgoblins
  6 kobolds
  2 ball pythons
  2 frilled lizards (D:1)
  4 rats
43 creatures vanquished.

Vanquished Creatures (others)
  A hobgoblin (D:3)
1 creature vanquished.

Grand Total: 44 creatures vanquished

Notes
Turn   | Place    | Note
-------+----------+-------------------------------------------
     0 | D:1      | RascalDebosk the Tengu Venom Mage began the quest for the
                  | Orb.
     0 | D:1      | Reached XP level 1. HP: 10/10 MP: 4/4
   327 | D:1      | Reached skill level 1 in Transmutations
   327 | D:1      | Reached XP level 2. HP: 11/15 MP: 1/6
   409 | D:1      | Learned a level 2 spell: Poisonous Vapours
  1171 | D:2      | Reached XP level 3. HP: 17/19 MP: 5/7
  1382 | D:2      | Found a faded altar of an unknown god.
  1551 | D:2      | Learned a level 3 spell: Mephitic Cloud
  1668 | D:2      | Reached XP level 4. HP: 20/24 MP: 5/8
  2051 | D:3      | Noticed a black bear
  2056 | D:3      | Noticed Ijyb
  2070 | D:2      | Killed a black bear
  2071 | D:2      | Reached skill level 1 in Conjurations
  2071 | D:2      | Gained mutation: Your magical nature lets you fly swiftly
                  | and evasively. [Tengu growth]
  2071 | D:2      | Reached XP level 5. HP: 10/28 MP: 3/10
  2696 | D:3      | Killed Ijyb
  2774 | D:3      | Killed from afar by an orc priest

Illustrated notes

Levels and vault maps discovered:
D:1:      amcnicky_arrival_feature_with_door, layout_loops_ring
D:2:      layout_loops_cross, shapermc_ecumenical_altar_starsandcircs
D:3:      cheibrodos_pilgrimage, layout_rooms, kennysheep_another_room,
          st_stairs_14, lemuel_old_faithful, uniq_ijyb

Skill      XL: |  1  2  3  4 |
---------------+-------------+-----
Transmutations | 1 |  1.9
Dodging        | 3 |  3.3
Stealth        | 3 |  3.0
Conjurations   | 1 |  1.7
Spellcasting   | |  2.8
Poison Magic   | |  3.7

Action                   |  1- 3 |  4- 6 || total
-------------------------+-------+-------++-------
Melee: Unarmed           |     1 |       ||     1
       Dagger            |    14 |    19 ||    33
       Kick              |     5 |     6 ||    11
       Punch             |     1 |       ||     1
       Peck              |     2 |     4 ||     6
Throw: Throwing net      |       |     1 ||     1
 Cast: Sting             |    62 |    14 ||    76
       Poisonous Vapours |     1 |     1 ||     2
Armor: Robe              |     8 |    11 ||    19
Dodge: Dodged            |    33 |    25 ||    58
